[Event "GrandPrix_29.05"]
[Site "Chess.com"]
[Date "2020.05.29"]
[Round "1"]
[White "Azatic"]
[Black "Mesropov_Konstantin"]
[Result "1/2-1/2"]
[WhiteElo "2192"]
[BlackElo "1958"]
[TimeControl "600+2"]
[EndTime "9:25:28 PDT"]
[Termination "Game drawn - insufficient material"]

1. e4 e6 2. d4 d5 3. e5 c5 4. c3 Qb6 5. Nf3 Bd7 6. a3 Bb5 7.
c4 Bxc4 8. Bxc4 dxc4 9. d5 exd5 10. Qxd5 Be7 11. O-O Nc6 12. Qxc4 Nd4 13. Nc3 Qb3 14. Qd3 Rd8 15. Qe4 f5 16. Qf4 Nh6 17. Kh1 O-O 18.
Qg3 Qe6 19. Bxh6 Qxh6 20. Rad1 a6 21. Nxd4 Rxd4 22. Ne2 Rxd1 23. Qb3+ Kh8 24. Rxd1 Qc6 25. Nf4 c4 26. Qc2 Bg5 27. Nd5 Rd8 28. Nc3 Rf8 29.
h3 Qe6 30. Qe2 b5 31. Rd6 Qe8 32. Nd5 h6 33. Nc7 Qe7 34. Ne6 Re8 35. Qh5 Bc1 36. Qg6 c3 37. bxc3 Bxa3 38. Rxa6 b4 39. Nxg7 Rd8 40.
Qxh6+ Kg8 41. Rg6 Rd1+ 42. Kh2 Qxe5+ 43. f4 Qe1 44. Nh5+ Kf7 45. Qg7+ Ke8 46. Qg8+ Kd7 47. Rg7+ Kc6 48. Qc8+ Kb5 49. Rb7+ Ka4 50. Ra7+ Kb3 51. Qg8+ Kb2 52. cxb4 Qg1+ 53. Kg3 Rd3+ 54. Kh4 Qxa7 55. Qg7+ Qd4 56. Qxd4+ Rxd4 57. Kg5 Rd2 58. g4 fxg4 59. hxg4 Bxb4 60. f5 Rf2 61. Kg6 Bc3 62.
g5 Bd2 63. Ng3 Bxg5 64. Kxg5 Rxf5+ 65. Nxf5 1/2-1/2

[Event "GrandPrix_29.05"]
[Site "Chess.com"]
[Date "2020.05.29"]
[Round "1"]
[White "Iljin_Timofey"]
[Black "Alexander_Moskalenko"]
[Result "0-1"]
[WhiteElo "2285"]
[BlackElo "2106"]
[TimeControl "600+2"]
[EndTime "9:25:31 PDT"]
[Termination "Alexander_Moskalenko won by checkmate"]

1. d4 e6 2. c4 f5 3. Nc3 Bb4 4.
Bd2 Nf6 5. g3 Nc6 6. Nf3 O-O 7.
Bg2 Bxc3 8. Bxc3 Ne4 9. Rc1 d6 10. O-O e5 11. Be1 a5 12. e3 Qe8 13. Nd2 Nxd2 14. Qxd2 e4 15. f3 exf3 16. Bxf3 Bd7 17. c5 Qf7 18. cxd6 cxd6 19. a3 Kh8 20. Qf2 Be6 21.
Bc3 Bc4 22. Rfe1 Bd5 23. Bxd5 Qxd5 24. Qg2 Qf7 25. d5 Ne7 26. Rcd1 b5 27. e4 f4 28. gxf4 b4 29. Bd4 bxa3 30. bxa3 Rae8 31. f5 Ng8 32. Kh1 Nf6 33. Rg1 Re7 34. e5 dxe5 35. Bc5 Rd7 36. Bxf8 Qxf8 37. Qg3 h6 38.
Qxe5 Qxa3 39. Rg3 Qa2 40. d6 a4 41. Qe6 Qc2 42. Rgd3 Kh7 43. R3d2 Qc6+ 44. Kg1 a3 45. Qb3 Qc5+ 46. Kh1 Ne4 47. Re2 Nc3 48. Rc2 Qc6+ 49.
Kg1 Qc5+ 50. Kh1 Qc6+ 51. Kg1 Qc5+ 52. Kg2 Qxf5 53. Rxc3 a2 54. Ra1 Qe4+ 55. Rf3 Rxd6 56. Rxa2 Rg6+ 57. Kf2 Qh4+ 58. Ke2 Qxh2+ 59. Ke3 Qg1+ 60.
Kd3 Rd6+ 61. Kc4 Qd4+ 62. Kb5 Rb6+ 63. Ka5 Qc5+ 64. Ka4 Ra6# 0-1

[Event "GrandPrix_29.05"]
[Site "Chess.com"]
[Date "2020.05.29"]
[Round "1"]
[White "cassoulet"]
[Black "Yurovskykh_Alexander"]
[Result "0-1"]
[WhiteElo "2215"]
[BlackElo "2293"]
[TimeControl "600+2"]
[EndTime "9:25:37 PDT"]
[Termination "Yurovskykh_Alexander won by resignation"]

1. e4 d5 2. exd5 Qxd5 3. Nc3 Qd8 4. Nf3 Bg4 5. h3 Bxf3 6. Qxf3 c6 7. Bc4 e6 8. d3 Nd7 9. Bb3 Ngf6 10. Bd2 Be7 11. g4 Nc5 12. g5 Nd5 13. Nxd5 Nxb3 14. axb3 Qxd5 15. Qxd5 exd5 16. Be3 Kd7 17. h4 a6 18. Kd2 Rhe8 19. Bd4 Bf8 20. Rh3 c5 21. Be3 d4 22. Bf4 Bd6 23. Rf3 Re7 24. Bxd6 Kxd6 25. Re1 Rxe1 26. Kxe1 Re8+ 27. Kd2 Re7 28. Rf5 b6 29. c3 dxc3+ 30. bxc3 Ke6 31. Rf4 f5 32. h5 h6 33. gxh6 gxh6 34. Ra4 a5 35. Ke3 Kf6+ 36.
Kf3 Rg7 37. Rh4 Rg1 38. d4 Rc1 39. dxc5 Rxc3+ 40. Ke2 Rxc5 41. Rd4 Kg5 42. b4 axb4 43. Rxb4 b5 44. Rb1 Kxh5 45. Kf3 Kg5 46. Rb4 h5 47. Kg3 h4+ 48. Kh3 f4 49. f3 Rf5 50. Rb1 Rd5 51. Rb4 Rc5 52. Rb1 Kh5 53. Rb4 Rf5 54. Rb1 Rg5 55.
Kh2 h3 56. Rb4 Rg2+ 57. Kxh3 Rg3+ 58. Kh2 Rxf3 59. Rxb5+ Kg4 60. Rb8 Ra3 61. Kg2 Ra2+ 62. Kf1 Kg3 63. Rb1 f3 64. Kg1 Rg2+ 65. Kf1 Rh2 66. Kg1 f2+ 67. Kf1 Rh1+ 68. Ke2 Rxb1 0-1

[Event "GrandPrix_29.05"]
[Site "Chess.com"]
[Date "2020.05.29"]
[Round "1"]
[White "NikolaN98"]
[Black "cukus"]
[Result "1/2-1/2"]
[WhiteElo "1529"]
[BlackElo "2208"]
[TimeControl "600+2"]
[EndTime "9:25:37 PDT"]
[Termination "Game drawn - insufficient material"]

1. e4 c6 2. d4 d5 3. exd5 cxd5 4. Bd3 Nc6 5. c3 Nf6 6. Bf4 g6 7. Nf3 Bf5 8. Bxf5 gxf5 9. Ne5 e6 10. Nd2 Bd6 11.
Nd3 Bxf4 12. Nxf4 Qd6 13. Nd3 O-O-O 14. Nf3 Rhg8 15. g3 Ne4 16. Nfe5 Nxe5 17. Nxe5 Qc7 18. f3 Nd6 19. Qe2 Kb8 20. O-O-O Nc4 21. Nxc4 dxc4 22. Rhe1 Rd5 23. f4 Rg4 24. Qf3 Rg8 25. Re5 Rgd8 26. Rde1 Qa5 27. Kb1 R8d6 28. Rxd5 Qxd5 29. Qxd5 Rxd5 30. Kc2 Kc7 31. Kd2 Ra5 32. a3 Rb5 33. Kc2 Kd6 34. h3 f6 35. Re2 h5 36. Kd1 Kd5 37. Ke1 Rb6 38. Kf2 Rc6 39. Kf3 Rc8 40.
g4 fxg4+ 41. hxg4 hxg4+ 42. Kxg4 Rg8+ 43. Kf3 Rg1 44. Kf2 Rb1 45. Kf3 b5 46. Rf2 a5 47.
f5 e5 48. dxe5 Kxe5 49. Re2+ Kxf5 50. Ke3 Ke5 51. Kf3+ Kd5 52. Rd2+ Kc5 53. Rf2 b4 54.
axb4+ axb4 55. cxb4+ Kxb4 56. Ke3 Kb3 57. Kd4 Rd1+ 58.
Kc5 Rc1 59. Kd4 f5 60. Kc5 Rc2 61. Rxc2 Kxc2 62. Kxc4 Kxb2 63. Kd4 f4 64. Ke4 f3 65. Kxf3 1/2-1/2

[Event "GrandPrix_29.05"]
[Site "Chess.com"]
[Date "2020.05.29"]
[Round "1"]
[White "Lavrov_Maxim"]
[Black "Antipov_Mikhail_Al"]
[Result "1-0"]
[WhiteElo "2320"]
[BlackElo "2283"]
[TimeControl "600+2"]
[EndTime "9:25:44 PDT"]
[Termination "Lavrov_Maxim won by resignation"]

1. e4 e5 2. Nf3 Nc6 3. Bb5 Nf6 4. d3 Ne7 5. O-O c6 6. Bc4 Ng6 7. Bb3 Be7 8. Re1 O-O 9. Nbd2 Qc7 10. h3 d5 11. Nf1 h6 12. Ng3 Bd6 13. c3 Be6 14. Qe2 Rfe8 15. Nf5 Bf8 16. N3h4 Nxh4 17.
Nxh4 Bd6 18. Qf3 Qd8 19. Nf5 Bf8 20. exd5 Bxf5 21. Qxf5 g6 22. Qf3 cxd5 23. Be3 Bg7 24. Rad1 Qd7 25. Bxh6 Bxh6 26. Qxf6 Bg7 27. Qf3 Rad8 28. h4 a5 29. a4 b5 30. Ra1 Re6 31. h5 gxh5 32. Qxh5 bxa4 33. Bxa4 Qd6 34. Bc2 Qb6 35.
b3 Rh6 36. Qe2 f5 37. Ra4 e4 38. c4 Bc3 39. Rd1 Kg7 40. Qe3 Bd4 41. c5 Bxc5 42. Qg5+ Rg6 43. Qxf5 Bd4 44. dxe4 Rf8 45. Raxd4 Rxf5 46. exf5 Rc6 47. Rg4+ Kf7 48. Rd2 Qc7 49. Bd1 Qe5 50.
Rgd4 Qe1+ 51. Kh2 Rh6+ 52. Kg3 Qe5+ 53. f4 Qe1+ 54. Kf3 Qf1+ 55. Kg3 Qe1+ 56. Kf3 Rh1 57. Kg4 Qh4+ 58. Kf3 Rf1+ 59. Ke2 Qe1+ 60. Kd3 Qg3+ 61. Kc2 Rf2 62. Rxd5 Qxg2 63. Rxf2 Qxd5 64. Rd2 Qxf5+ 65.
Rd3 Qxf4 66. Rf3 1-0

[Event "GrandPrix_29.05"]
[Site "Chess.com"]
[Date "2020.05.29"]
[Round "1"]
[White "Y0ung_Capablanca"]
[Black "khekhm"]
[Result "1-0"]
[WhiteElo "2583"]
[BlackElo "2455"]
[TimeControl "600+2"]
[EndTime "9:25:47 PDT"]
[Termination "Y0ung_Capablanca won on time"]

1. d4 Nf6 2. c4 g6 3. Nf3 Bg7 4. g3 O-O 5. Bg2 d5 6. O-O Nc6 7. cxd5 Nxd5 8. Nc3 Nb6 9. d5 Na5 10. Qc2 Bg4 11. Rd1 Qd7 12. Bf4 Nac4 13. Rac1 Rac8 14. b3 Bxf3 15. Bxf3 Ne5 16. Bg2 Rfd8 17. Ne4 Qf5 18. Nc5 Qxc2 19. Rxc2 c6 20. Nxb7 cxd5 21. Rxc8 Rxc8 22.
Bxd5 Bf6 23. a4 Rc2 24. Bxe5 Bxe5 25. Bf3 Kg7 26. Na5 Bd6 27. Nc6 a6 28. a5 Nd7 29.
Nxe7 Bxe7 30. Rxd7 Bb4 31. Bd5 Rxe2 32. Rxf7+ Kh6 33.
Rf6 Bxa5 34. Bc4 Rd2 35. Rxa6 Bb4 36. Rc6 Bc3 37. Rc7 Bd4 38. Rf7 g5 39. Kf1 Kg6 40. Ke1 Rb2 41. Rf3 h5 42. h3 h4 43. gxh4 gxh4 44.
Rf4 Bc3+ 45. Kf1 Bf6 46. Bd3+ Kf7 47. Kg2 Ke6 48. Bc4+ Ke5 49. Rf3 Bg5 50. Rf8 Rc2 51. Kf3 Bf6 52. Re8+ Kd4 53. Re6 Be5 54. Re8 Rc3+ 55.
Kg4 Rc2 56. f4 Bd6 57. Kf5 Rf2 58. Re4+ Kc5 59. Kg4 Bc7 60. f5 Bg3 61. Be6 Kc6 62. Kg5 Kd6 63. Kf6 Rf3 64. Rd4+ Kc5 65. Re4 Bf2 66. Ke7 Rxh3 67. f6 Kb6 68. Bxh3 1-0

[Event "GrandPrix_29.05"]
[Site "Chess.com"]
[Date "2020.05.29"]
[Round "1"]
[White "Didici"]
[Black "Flawless_Fighter"]
[Result "1/2-1/2"]
[WhiteElo "2308"]
[BlackElo "2129"]
[TimeControl "600+2"]
[EndTime "9:25:49 PDT"]
[Termination "Game drawn - insufficient material"]

1. d4 Nf6 2. c4 e6 3. Nc3 Bb4 4. e3 O-O 5. Bd3 d5 6. Nf3 dxc4 7. Bxc4 c5 8. O-O cxd4 9. exd4 b6 10. Bg5 Bb7 11.
Qe2 Bxc3 12. bxc3 Nbd7 13. Rac1 Qc7 14. Bd3 Ng4 15. Be4 Bxe4 16. Qxe4 Ngf6 17. Qe2 h6 18. Bh4 Rac8 19. c4 Qb7 20. Rfe1 Qa6 21. Ne5 Rfe8 22. Rc3 Qa5 23. Rg3 Nxe5 24. dxe5 Nd7 25.
f4 Nf8 26. Bf6 Ng6 27. h4 h5 28. Rf1 gxf6 29. Qxh5 Qc5+ 30. Kh2 Kg7 31. Qg4 Rh8 32. f5 exf5 33. Rxf5 Kf8 34. h5 Nxe5 35. Qg7+ Ke7 36. Qxf6+ Kd7 37. Rxe5 Rxh5+ 38. Rxh5 Qxh5+ 39. Rh3 Qg6 40.
Rf3 Qxf6 41. Rxf6 Ke7 42. Rf4 Rc5 43. Kg3 Ra5 44. Rf2 Ra3+ 45. Kf4 Ra4 46. Rc2 b5 47. Ke5 bxc4 48. g4 f6+ 49. Kd5 Kd7 50. Kc5 c3 51. Rxc3 Rxg4 52. Ra3 Ke6 53. Rxa7 f5 54. a4 Rg1 55. a5 Rc1+ 56. Kb5 Rb1+ 57. Kc5 Rc1+ 58. Kb4 Rb1+ 59. Kc4 Rc1+ 60. Kd3 Rd1+ 61. Ke3 Re1+ 62. Kf2 Ra1 63. Ra8 Kd7 64. a6 Kc7 65. a7 Kb7 66. Rf8 Rxa7 67. Rxf5 Ra6 68. Rf7+ Kb6 69. Rf6+ Kb7 70.
Rxa6 Kxa6 1/2-1/2

[Event "GrandPrix_29.05"]
[Site "Chess.com"]
[Date "2020.05.29"]
[Round "1"]
[White "Baron_von_Koenig"]
[Black "TheNextLevelFan"]
[Result "0-1"]
[WhiteElo "2093"]
[BlackElo "2307"]
[TimeControl "600+2"]
[EndTime "9:25:52 PDT"]
[Termination "TheNextLevelFan won by resignation"]

1. Nc3 d5 2. e4 d4 3. Nce2 c5 4. Ng3 Nc6 5. Bc4 e5 6. Nf3 Be7 7. O-O Nf6 8. d3 O-O 9. a3 Rb8 10. Ng5 b5 11. Ba2 h6 12. Nh3 Bxh3 13. gxh3 Nh7 14.
Nf5 Bg5 15. Qg4 Qf6 16. f4 exf4 17. Bxf4 Ne5 18. Qg3 Bxf4 19. Rxf4 Qg5 20. Raf1 Kh8 21. h4 Qxg3+ 22. hxg3 h5 23. Ne7 Rb7 24. Nd5 g6 25.
Kf2 Kg7 26. Ke2 Rc8 27. Kd2 c4 28. dxc4 bxc4 29. b3 c3+ 30. Ke2 Nf8 31. b4 Ne6 32.
R4f2 d3+ 33. cxd3 Ng4 34. Rg2 Nd4+ 35. Kd1 a5 36. Kc1 axb4 37. axb4 Ra7 38. Kb1 c2+ 39. Kb2 Rxa2+ 40. Kxa2 c1=Q 41. Rxc1 Rxc1 42. Rb2 Nb5 43. Kb3 Nf6 44. Ka4 Nxd5 45. Kxb5 Nc7+ 46.
Kb6 Kf6 47. d4 Ke7 48. b5 Kd6 49. Rf2 Ke7 50. Rb2 Kd6 51. Kb7 Ne6 52. Rb4 Rd1 53. d5 Nc5+ 54. Kb6 Nd7+ 55. Kb7 Nc5+ 56. Kb6 Re1 57. Rc4 Nxe4 58. Rc7 f5 59. Rg7 Kxd5 60.
Rxg6 Rg1 61. Kc7 Rc1+ 62. Kb7 Rc3 63. b6 Nxg3 64. Ka7 f4 65. b7 Ra3+ 66. Kb6 Rb3+ 67. Ka7 Rxb7+ 68. Kxb7 Ke4 69. Kc6 Nf5 70. Re6+ Kd4 71.
Re1 f3 72. Kd7 f2 73. Rh1 Ng3 74. Rd1+ Ke3 75. Ke6 f1=Q 76. Rxf1 Nxf1 77. Kf5 Kf3 78. Kg5 Ng3 79. Kg6 Kg4 0-1

[Event "GrandPrix_29.05"]
[Site "Chess.com"]
[Date "2020.05.29"]
[Round "1"]
[White "v-kazakouski"]
[Black "tianachess"]
[Result "1-0"]
[WhiteElo "2548"]
[BlackElo "2086"]
[TimeControl "600+2"]
[EndTime "9:25:57 PDT"]
[Termination "v-kazakouski won by resignation"]

1. d4 Nf6 2. Nf3 c5 3. d5 b5 4. Bg5 g6 5. Bxf6 exf6 6. e4 a6 7. a4 bxa4 8. c3 d6 9. Qxa4+ Bd7 10.
Qb3 Qc7 11. Bd3 Bg7 12. Nbd2 O-O 13. h3 f5 14. exf5 Re8+ 15. Kf1 Bxf5 16. Bxf5 gxf5 17. Qc2 Qd7 18. g3 Ra7 19. Kg2 h6 20. Ra4 Rb7 21.
Rf4 Re2 22. Qd3 Re8 23. Nc4 a5 24. Qxf5 Qxf5 25. Rxf5 Rd8 26. Ra1 Rb5 27. Rxa5 Rxa5 28.
Nxa5 Nd7 29. Nc4 Nf6 30. Nfd2 Kh7 31. Kf3 Kg6 32. g4 h5 33. Ne4 hxg4+ 34. hxg4 Nxe4 35. Kxe4 Re8+ 36. Kf3 Rd8 37. Rf4 Rd7 38. Re4 Bf6 39.
Re8 Bg5 40. Ke4 Bf6 41. f4 Bg7 42. Rc8 Bf6 43. g5 Be7 44. Re8 f6 45. gxf6 Kxf6 46. b4 cxb4 47. cxb4 Rb7 48. Rc8 Rxb4 49. Rc6 Kf7 50.
Kf5 Rb5 51. Nxd6+ Bxd6 52. Rxd6 Ke7 53. Re6+ Kd7 54. Ke5 Rb1 55. Ra6 Re1+ 56. Kf6 Rd1 57. d6 Rd5 58. f5 Rd1 59. Kg6 Rg1+ 60. Kf7 Rf1 61. f6 Rg1 62. Ra2 Kxd6 63. Rd2+ Kc7 64. Ke7 Re1+ 65. Kf8 Rf1 66. f7 Rg1 67. Rd4 Rg2 68. Ke7 Re2+ 69. Kf6 Rf2+ 70. Ke6 Re2+ 71. Kf5 Rf2+ 72. Rf4 Rxf4+ 73. Kxf4 1-0

[Event "GrandPrix_29.05"]
[Site "Chess.com"]
[Date "2020.05.29"]
[Round "1"]
[White "Bestromano"]
[Black "GrishaTheChamp"]
[Result "1/2-1/2"]
[WhiteElo "1722"]
[BlackElo "2240"]
[TimeControl "600+2"]
[EndTime "9:26:07 PDT"]
[Termination "Game drawn by repetition"]

1. e4 c5 2. Nf3 d6 3. d4 cxd4 4. Nxd4 Nf6 5. Nc3 Nc6 6. Be2 e5 7. Nb3 h6 8. O-O Be7 9. a4 Be6 10. a5 O-O 11. a6 b6 12. Be3 d5 13. exd5 Nxd5 14. Nxd5 Bxd5 15. Nd2 Rc8 16. c3 f5 17. f4 e4 18. Qa4 Bc5 19. Bxc5 bxc5 20. Nc4 Qe7 21.
Rfd1 Rfd8 22. Ne3 Be6 23. Rxd8+ Nxd8 24. Rd1 Nf7 25. Bc4 Nd6 26. Bxe6+ Qxe6 27. Rd5 g5 28.
Qd1 Rc6 29. fxg5 hxg5 30. Qh5 Nf7 31. Rxf5 Rxa6 32. Rf1 Qg6 33. Qg4 Rf6 34. Rxf6 Qxf6 35. Qxe4 a6 36. h3 Qb6 37. Nc4 Qf6 38. g3 Kg7 39. Kg2 Qd8 40. Kf2 Qd1 41. Qe2 Qd5 42. Ne3 Qe4 43. Qc4 Qe5 44. Qxa6 Qe4 45. Qc4 Qb1 46.
Qe2 Qe4 47. Qf3 Qb1 48. Nf5+ Kg6 49. Ne7+ Kg7 50. Nf5+ Kg6 51. Ne7+ Kg7 52. Qe2 Qh1 53. Qf1 Qe4 54. Qe2 Qh1 55. Qf3 Qxh3 56. Nf5+ Kg6 57. Ne3 Qe6 58. g4 Nd6 59. Ke2 c4 60. Qd5 Qe7 61. Kd2 Ne4+ 62. Kc2 Nd6 63. Qf3 Qe5 64. Kd2 Ne4+ 65. Ke2 Ng3+ 66. Kf2 Ne4+ 67. Kg2 Nd6 68.
Nf1 Qe1 69. Qd5 Ne4 70. Qe6+ Kg7 71. Qe7+ Kg6 72. Qe6+ Kg7 73. Qe5+ Kg6 74. Qf5+ Kg7 75. Qe5+ Kg6 76. Qf5+ Kg7 77. Qd7+ Kg6 78. Qf5+ 1/2-1/2

[Event "GrandPrix_29.05"]
[Site "Chess.com"]
[Date "2020.05.29"]
[Round "1"]
[White "Meri-Arabidze"]
[Black "IMTominho"]
[Result "1/2-1/2"]
[WhiteElo "2193"]
[BlackElo "1975"]
[TimeControl "600+2"]
[EndTime "9:26:09 PDT"]
[Termination "Game drawn - insufficient material"]

1. d4 d5 2. c4 c6 3. Nf3 Nf6 4.
e3 Bf5 5. Nc3 e6 6. Nh4 Be4 7.
f3 Bg6 8. Qb3 Qc7 9. g3 Nbd7 10.
Bd2 Be7 11. Kf2 O-O 12. Nxg6 hxg6 13. Rc1 Rac8 14. Be2 Qb8 15. Kg2 a6 16. cxd5 exd5 17. Rhd1 b5 18. Be1 Nb6 19. Bf2 Rfe8 20. Qc2 Bb4 21.
Bd3 c5 22. a3 cxd4 23. exd4 Bxc3 24. bxc3 Qd6 25. Qb3 Rc6 26. g4 Rec8 27. Bg3 Qd7 28. Rc2 Nc4 29. Re1 Nb6 30. h4 Na4 31. Rec1 Re8 32.
Re2 Rxe2+ 33. Bxe2 Qe7 34. Kf2 Re6 35. Qd1 Nd7 36.
Bd3 Qxa3 37. Qd2 Qb2 38. Rc2 Qa3 39. h5 gxh5 40. Bf5 Re7 41. Bh4 f6 42. gxh5 Nf8 43.
h6 Qd6 44. Bg3 Qd8 45. hxg7 Rxg7 46. Rc1 Rg5 47. Qf4 Qe8 48. Rh1 Nxc3 49. Bd3 Qe7 50.
Bh4 Ne6 51. Qb8+ Nf8 52. Bxg5 fxg5 53. Qb6 Qg7 54. Rg1 Na4 55. Qd8 Qxd4+ 56. Kg2 Qxd3 57. Qxg5+ Qg6 58. Kf2 Qxg5 59. Rxg5+ Kf7 60. Rxd5 Ke6 61.
Rd8 Nd7 62. Ra8 Nac5 63. Ke3 b4 64. Kd4 b3 65. Kc3 Nb6 66. Rb8 Nba4+ 67. Kc4 b2 68.
Rxb2 Nxb2+ 69. Kxc5 Na4+ 70. Kb4 Nc5 71. Kxc5 Ke5 72. Kb6 Kf4 73. Kxa6 Kxf3 1/2-1/2

[Event "GrandPrix_29.05"]
[Site "Chess.com"]
[Date "2020.05.29"]
[Round "1"]
[White "guylevin1"]
[Black "Firegrizzly"]
[Result "1/2-1/2"]
[WhiteElo "2118"]
[BlackElo "2297"]
[TimeControl "600+2"]
[EndTime "9:26:36 PDT"]
[Termination "Game drawn - insufficient material"]

1. c4 e5 2. Nc3 Bb4 3. Nd5 Be7 4.
d4 d6 5. e4 Nf6 6. Nxf6+ Bxf6 7. Be3 exd4 8. Bxd4 Nc6 9. Bxf6 Qxf6 10. Qd2 O-O 11.
Ne2 Re8 12. Nc3 a5 13. Be2 Be6 14. O-O a4 15. f4 Na5 16. Nb5 Qd8 17. Rac1 Bd7 18.
Nc3 Qb8 19. f5 f6 20. c5 Bc6 21. cxd6 cxd6 22. Rfd1 Qa7+ 23. Kh1 Qb6 24. Rc2 Rad8 25. Qd4 Qc5 26. Rcd2 Qxd4 27. Rxd4 g6 28. fxg6 hxg6 29. Bb5 Kf7 30. Rxa4 Bxb5 31. Nxb5 Nc6 32. Rxd6 Ke7 33.
Rxd8 Rxd8 34. h3 Rd2 35. b3 Ke6 36. Na7 Nd4 37. Rb4 Ke5 38. Rxb7 Kf4 39. Rc7 Rxa2 40. Nc6 Ne6 41. Rd7 Nc5 42. Rd1 Kg3 43. e5 Ra6 44. exf6 Rxc6 45. Rf1 Nd7 46. f7 Nf8 47. b4 Rb6 48. Rf3+ Kh4 49. Rf4+ Kg5 50. Re4 Kf6 51.
Kh2 Kxf7 52. h4 Nh7 53. g4 Nf6 54. Rf4 Ke6 55. Kh3 Rc6 56. Kg2 Ke5 57. Rf2 Nxg4 58. Re2+ Kf5 59. Rb2 Ne3+ 60. Kf3 Nc4 61. Rg2 Ne5+ 62.
Ke3 Rc3+ 63. Kd4 Rd3+ 64. Kc5 Ke6 65. b5 Rc3+ 66. Kb6 Nc4+ 67. Kb7 Nd6+ 68. Kb6 Kf6 69. Rf2+ Nf5 70. Kb7 Rc4 71. b6 Rxh4 72. Ka8 Ra4+ 73.
Kb8 Rb4 74. b7 Kg7 75. Ka7 Ra4+ 76. Kb6 Rb4+ 77. Ka7 Ne7 78. Rc2 Ra4+ 79. Kb6 Rb4+ 80. Ka7 g5 81. b8=Q Rxb8 82. Kxb8 Kf6 83. Rg2 Nf5 84. Rxg5 Kxg5 1/2-1/2

[Event "GrandPrix_29.05"]
[Site "Chess.com"]
[Date "2020.05.29"]
[Round "1"]
[White "PresidenteMNE"]
[Black "VerdeNotte"]
[Result "1/2-1/2"]
[WhiteElo "2342"]
[BlackElo "2541"]
[TimeControl "600+2"]
[EndTime "9:26:40 PDT"]
[Termination "Game drawn by repetition"]

1. d4 Nf6 2. Bg5 d5 3. e3 c5 4. c3 Qb6 5. Qb3 c4 6. Qxb6 axb6 7. Nd2 b5 8. f3 e6 9. e4 b4 10. Nh3 Nc6 11. Nf4 Ra5 12. Be2 Nd7 13. exd5 exd5 14. O-O h6 15. Bh4 g5 16. Nxd5 gxh4 17. Bxc4 bxc3 18.
bxc3 Kd8 19. a4 Ne7 20. Nb4 Nb6 21. Bb5 Bd7 22. c4 Nf5 23. Nc2 Nxa4 24. Nb3 Rxb5 25. cxb5 Bxb5 26. Rfe1 Bg7 27. Na5 b6 28. Nc4 Nxd4 29.
Red1 Nc3 30. Rxd4+ Bxd4+ 31. Nxd4 Kc7 32. Ra7+ Kb8 33. Nxb5 Nxb5 34. Rxf7 Rc8 35. Nxb6 Rc1+ 36. Kf2 Rc2+ 37. Kf1 Nc3 38. Rh7 Nd1 39. Nd5 Rd2 40.
Nf4 Ne3+ 41. Ke1 Rd6 42. g4 Rf6 43. Ke2 Nc2 44. Nd5 Rd6 45. Rh8+ Kb7 46. Rh7+ Ka6 47. Nc3 Re6+ 48. Ne4 Kb5 49. Kd3 Ne1+ 50. Ke2 Ng2 51. Kf2 Nf4 52. Rg7 Kc4 53. g5 hxg5 54. Ke3 Nh3 55.
Rc7+ Kb4 56. Rg7 Re8 57. Kd4 Rd8+ 58. Ke5 Rf8 59. Nxg5 Nxg5 60. Rxg5 Rxf3 61. Rg4+ Kc5 62. Rxh4 Kc6 63. Rh7 Re3+ 64. Kf4 Re1 65. h4 Kd6 66. Kf5 Rf1+ 67. Kg6 Ke6 68. Ra7 Rg1+ 69. Kh6 Kf6 70. h5 Rg2 71. Ra6+ Kf7 72. Rb6 Rh2 73. Rb8 Rh1 74. Rb7+ Kg8 75. Rb8+ Kf7 76. Rc8 Rh2 77. Rc6 Kg8 78. Rg6+ Kh8 79. Rg5 Ra2 80. Rg6 Ra5 81.
Rb6 Ra8 82. Kg6 Rg8+ 83. Kh6 Ra8 84. Rb7 Ra6+ 85. Kg5 Ra5+ 86. Kg6 Ra6+ 87. Kg5 Ra5+ 88. Kg6 Ra6+ 89. Kg5 1/2-1/2

[Event "GrandPrix_29.05"]
[Site "Chess.com"]
[Date "2020.05.29"]
[Round "1"]
[White "PotapovaM"]
[Black "GM_dmitrij"]
[Result "1/2-1/2"]
[WhiteElo "2193"]
[BlackElo "2555"]
[TimeControl "600+2"]
[EndTime "9:26:50 PDT"]
[Termination "Game drawn by repetition"]

1. d4 Nf6 2. c4 e6 3. Nf3 b6 4.
a3 Ba6 5. Qc2 Bb7 6. Nc3 c5 7.
e4 cxd4 8. Nxd4 Bc5 9. Nb3 Nc6 10.
Bf4 e5 11. Bg5 d6 12. Be2 h6 13. Bxf6 Qxf6 14. O-O O-O 15. Nd5 Qg6 16. Rad1 Kh8 17.
Bf3 a5 18. a4 Rac8 19. Nc1 Qg5 20. Ne2 f5 21. b3 g6 22. Qd2 Rf7 23. Ndc3 Rcf8 24.
exf5 gxf5 25. Bd5 Rg7 26. Qxg5 hxg5 27. Nb5 Rf6 28. g3 Rh7 29. Kg2 Rfh6 30. Rh1 g4 31. Nec3 Re7 32. Rd2 Kg7 33. h3 gxh3+ 34. Rxh3 Rxh3 35.
Kxh3 Kf6 36. Kg2 Rg7 37. f3 Bb4 38. Bxc6 Bxc6 39. Nd5+ Bxd5 40. Rxd5 Ke6 41. Rd1 Rh7 42. Rf1 d5 43. cxd5+ Kxd5 44. Rd1+ Ke6 45. Rc1 Bc5 46. Rd1 e4 47. fxe4 fxe4 48. Re1 Ke5 49. Nc3 Kd4 50. Nxe4 Re7 51. Kf3 Rf7+ 52. Kg4 Re7 53.
Kf3 Rf7+ 54. Kg4 Bb4 55. Ng5 Rb7 56. Re4+ Kc3 57. Re3+ Kc2 58. Ne6 Kb2 59. Kf5 Bc3 60. g4 Kxb3 61. g5 Kb4 62. g6 Ba1 63. Re4+ Ka3 64.
Nd4 Bb2 65. Nb5+ Ka2 66. Ke6 Rb8 67. Kf7 Rb7+ 68. Ke6 Rg7 69. Kf5 Rg8 70. Rg4 Kb3 71. Ke6 Rg7 72. Kf5 Ba1 73. Ke6 Bb2 74. Nd6 Bc3 75.
Nf5 Rg8 76. Kf7 Rb8 77. Nd4+ Bxd4 78. Rxd4 b5 79. axb5 Rb7+ 80. Kf6 Rb6+ 81. Kf7 Rb7+ 82. Kf6 Rb6+ 83. Kf7 Rb7+ 1/2-1/2

[Event "GrandPrix_29.05"]
[Site "Chess.com"]
[Date "2020.05.29"]
[Round "1"]
[White "BMOchsner"]
[Black "OK97"]
[Result "0-1"]
[WhiteElo "2041"]
[BlackElo "2509"]
[TimeControl "600+2"]
[EndTime "9:26:57 PDT"]
[Termination "OK97 won on time"]

1. e4 c5 2. Nf3 d6 3. d4 cxd4 4. Nxd4 Nf6 5. Nc3 Bd7 6. Be2 Nc6 7.
Be3 e6 8. Qd2 Be7 9. O-O O-O 10.
f4 e5 11. Nxc6 Bxc6 12. Bf3 exf4 13. Bxf4 Qb6+ 14. Be3 Qc7 15. a4 a6 16. Kh1 Rfe8 17. Rfe1 Rac8 18. a5 Nd7 19. Bd4 Ne5 20. Be2 Bf8 21.
Bb6 Qe7 22. Nd5 Qh4 23. Bf3 Re6 24. Bf2 Nxf3 25. gxf3 Qh5 26. Re3 Bxd5 27. exd5 Rxe3 28. Qxe3 Qxd5 29. c3 g6 30. Kg2 Rc4 31. Re1 Qxa5 32. Qd3 Rc8 33. Bg3 Qg5 34. Re2 h5 35. h4 Qf6 36. Rd2 Re8 37. Qd5 b5 38. Qc6 Re3 39.
Bf2 Re6 40. Qxa6 Bh6 41. Rd3 Qf5 42. Qa8+ Kh7 43. Qd5 Qxd5 44. Rxd5 Re2 45. Kf1 Rxb2 46. Rxd6 Bg7 47. Bd4 Rh2 48. Bxg7 Kxg7 49. Rd4 Rc2 50. Rd3 Kf6 51. Kg1 Kf5 52. Rd7 f6 53. Rd5+ Kf4 54. Rxb5 Rxc3 55. Rb6 Kg3 56. Kf1 Rxf3+ 57.
Ke2 Rf4 58. Ke3 Rxh4 59. Rxf6 Rg4 60. Rf3+ Kh4 61. Kf2 Kg5 62. Rb3 h4 63. Rb5+ Kh6 64.
Rb3 g5 65. Rb5 Kh5 66. Rb8 Rf4+ 67. Kg2 Kg4 68. Rc8 Ra4 69. Rc2 h3+ 70. Kh2 Kh4 71. Rb2 g4 72. Rb1 Ra2+ 73. Kh1 Rc2 74. Ra1 Rc4 75. Rb1 g3 76. Ra1 Rf4 77. Rb1 g2+ 78.
Kh2 Rf1 79. Rb4+ Kg5 80. Rb5+ Kg6 81. Rb6+ Kf7 82. Rb7+ Ke8 0-1

[Event "GrandPrix_29.05"]
[Site "Chess.com"]
[Date "2020.05.29"]
[Round "1"]
[White "vagpat"]
[Black "Rakhmanov_Aleksandr"]
[Result "0-1"]
[WhiteElo "2208"]
[BlackElo "1882"]
[TimeControl "600+2"]
[EndTime "9:26:57 PDT"]
[Termination "Rakhmanov_Aleksandr won by resignation"]

1. e4 c5 2. Nf3 Nf6 3. e5 Nd5 4. Nc3 Nxc3 5. dxc3 Nc6 6. Bc4 e6 7. O-O Qc7 8. Qe2 b6 9. Bf4 h6 10. Rad1 Bb7 11. Ba6 Bxa6 12. Qxa6 f5 13. h4 Be7 14. h5 Bg5 15. Bh2 O-O 16. Qd3 Rf7 17. Rfe1 Qd8 18. Qe2 Qe8 19. Rd6 Re7 20. Red1 Qxh5 21. Rxd7 Rxd7 22.
Rxd7 Qe8 23. Rd6 Be7 24. Rd3 g5 25. Nd2 Rd8 26. a4 Rxd3 27. Qxd3 Qd8 28. Qe2 Qd5 29. Nc4 Kg7 30. b3 Kg6 31. g4 f4 32. f3 Bf8 33.
Kg2 Bg7 34. Bg1 Bxe5 35. Qe1 Bf6 36. Bf2 Ne5 37. Nxe5+ Qxe5 38. Qf1 Qxc3 39. Qb5 Qxc2 40. Qe8+ Kh7 41. Qxe6 Bg7 42. Qf7 a5 43. Qe6 Qg6 44. Qd5 h5 45. gxh5 Qxh5 46. Qf5+ Qg6 47. Qh3+ Qh6 48. Qf5+ Qg6 49. Qh3+ Kg8 50. Qc8+ Bf8 51. Qd7 Qf6 52. Kg1 Be7 53. Qc8+ Kf7 54. Qd7 Qe6 55. Qd3 Kg7 56. Kg2 Bf6 57. Qa6 g4 58. Qb7+ Kg6 59. fxg4 Qxg4+ 60. Kf1 f3 61. Qxb6 Qg2+ 62. Ke1 Qh1+ 63.
Kd2 Qf1 64. Qxc5 Qe2+ 65. Kc1 Qb2+ 66. Kd1 Qxb3+ 67. Qc2+ Qxc2+ 68. Kxc2 Kf5 69. Kd2 Ke4 70. Bb6 Kf4 71. Bxa5 Kg3 72. Bb6 Be7 73. Kd3 Bb4 74. Bc7+ Kg2 75. Bb6 Ba5 76. Bc5 Be1 77. Bb6 Bb4 78.
Bd4 Ba5 79. Bc5 Bc7 80. Bd4 Bh2 81. a5 Bg1 82. Bf6 f2 83. a6 f1=Q+ 0-1